 Seeded DCSS version 0.29.1-15-g9cfb28693d (webtiles) character file.

Game seed: 15822848163574757677 (custom seed)

116 kingofthe the Conjurer (level 4, 0/24 HPs)
             Began as a Deep Elf Conjurer on Mar 10, 2023.
             Was an Initiate of Sif Muna.
             Slain by an iguana (13 damage)
             ... on level 4 of the Dungeon.
             The game lasted 00:04:56 (3046 turns).

kingofthe the Conjurer (Deep Elf Conjurer)          Turns: 3046, Time: 00:04:56

Health: 0/24       AC:  3    Str:  4    XL:     4   Next: 69%
Magic:  2/12       EV: 13    Int: 23    God:    Sif Muna [......]
Gold:   198        SH:  0    Dex: 15    Spells: 3/11 levels left

rFire   . . .      SeeInvis .   (no weapon)
rCold   . . .      Faith    .   (no shield)
rNeg    . . .      Spirit   .   a - +0 robe
rPois   .          Reflect  .   (no helmet)
rElec   .          Harm     .   (no cloak)
rCorr   .          Rampage  .   g - +0 pair of gloves
Will    .....                   (no boots)
Stlth   ++........              (no amulet)
HPRegen 0.08/turn               (no ring)
MPRegen 0.13/turn               (no ring)

@: very slightly contaminated
A: no striking features
a: Renounce Religion


You were on level 4 of the Dungeon.
You worshipped Sif Muna.
Sif Muna was noncommittal.
You visited 1 branch of the dungeon, and saw 4 of its levels.

You collected 198 gold pieces.


   Skills:
 - Level 3.5 Dodging
 + Level 3.3 Stealth
 + Level 4.3 Spellcasting
 + Level 5.1 Conjurations
 * Level 1.4 Hexes
 - Level 0.2 Fire Magic


You had 3 spell levels left.
You knew the following spells:

 Your Spells              Type           Power      Damage    Failure   Level
a - Magic Dart            Conj           100%       1d8       1%          1
b - Searing Ray           Conj           56%        2d6       1%          2
c - Foxfire               Conj/Fire      68%        2x1d7     3%          1
d - Fulminant Prism       Conj/Hex       10%        3d9       26%         4

Your spell library contained the following spells:

 Spells                   Type           Power      Damage    Failure   Level
 Dazzling Flash           Conj/Hex       40%        N/A       8%          3
 Conjure Flame            Conj/Fire      17%        6-21      10%         3
 Mephitic Cloud           Conj/Pois/Air  12%        N/A       16%         3
 Inner Flame              Hex/Fire       8%         N/A       22%         3
 Portal Projectile        Hex/Tloc       16%        N/A       22%         3
 Call Canine Familiar     Summ           4%         N/A       30%         3
 Ignite Poison            Fire/Tmut/Pois 5%         N/A       30%         3
 Flame Wave               Conj/Fire      17%        2d7       32%         4
 Iskenderun's Mystic Bla  Conj/Tloc      16%        2d5       34%         4
 Leda's Liquefaction      Hex/Erth       4%         N/A       58%         4
 Freezing Cloud           Conj/Ice/Air   6%         6-21      80%         5

Inventory:

Missiles
 k - a throwing net {=f}
Armour
 a - a +0 robe (worn)
 g - a +0 pair of gloves (worn)
 h - the +1 ring mail "Vuekuas" {Will+ Str+3}
   (You found it on level 2 of the Dungeon)

   Str:       It affects your strength (+3).
   Will:      It increases your willpower.
 o - the +3 scale mail of the Viny Hot Ocelot {rElec rPois Stlth+}
   (You found it on level 3 of the Dungeon)

   rElec:     It insulates you from electricity.
   rPois:     It protects you from poison.
   Stlth:     It makes you more stealthy.
Wands
 q - a wand of quicksilver (3)
Scrolls
 c - 5 scrolls of identify {unknown}
 f - a scroll of brand weapon {unknown}
 i - a scroll of vulnerability {unknown}
 j - 2 scrolls of teleportation {unknown}
 p - a scroll of noise {unknown}
Potions
 b - a potion of magic
 d - 3 potions of haste {unknown}
 e - a potion of experience {unknown}
 l - 2 potions of mutation {unknown}
 m - a potion of flight {unknown}
 n - a potion of degeneration {unknown}
 r - a potion of curing {unknown}

Dungeon Overview and Level Annotations

Branches:
Dungeon (4/15)
 Temple: D:4-7

Altars:
Sif Muna
Trog
Zin

##################
................@#
################l.......
......... ### ...####...
..##... ...## .. .......
.... ######. ..... ###
...... <.####...


You could see an iguana.


Message History

Confirm with . or Enter, or press ? or * to list all spells.
You conjure some foxfire!
Casting: Foxfire (safe; 3% risk of failure)
Confirm with . or Enter, or press ? or * to list all spells.
You conjure some foxfire!
The foxfire hits the iguana.
The iguana is lightly wounded.
Casting: Foxfire (safe; 3% risk of failure)
Confirm with . or Enter, or press ? or * to list all spells.
You conjure some foxfire!
The foxfire hits the iguana but does no damage.
The iguana is lightly wounded.
The foxfire hits the iguana.
The iguana is heavily wounded.
Casting: Foxfire (safe; 3% risk of failure)
Confirm with . or Enter, or press ? or * to list all spells.
You conjure some foxfire!
The foxfire hits the iguana.
The iguana is severely wounded.
The iguana bites you!
Casting: Foxfire (safe; 3% risk of failure)
Confirm with . or Enter, or press ? or * to list all spells.
Aiming: Searing Ray (safe; 1% risk of failure)
Press: ? - help, Shift-Dir - straight line, f/p - iguana
Aim: an iguana (severely wounded, ally target, 82% to hit)
The searing ray misses the iguana. (Press . to maintain the ray.)
The foxfire hits the iguana but does no damage.
The iguana is severely wounded.
The iguana bites you!
Ouch! That really hurt!
You die...

Skill      XL: |  1  2  3  4 |
---------------+-------------+-----
Dodging        | 3 |  3.5
Spellcasting   | 4 |  4.3
Stealth        | 3 |  3.3
Conjurations   | 5 |  5.1
Hexes          | 1 |  1.4
Fire Magic     | |  0.2

Action                   |  1- 3 |  4- 6 || total
-------------------------+-------+-------++-------
 Cast: Magic Dart        |    77 |    16 ||    93
       Foxfire           |     4 |     8 ||    12
       Searing Ray       |     1 |     3 ||     4
Armor: Robe              |     1 |     1 ||     2
Dodge: Dodged            |     5 |       ||     5

Levels and vault maps discovered:
D:1:      heliophobic_arrival_enchanted_forest, layout_loops_ring,
          minmay_misc_feat_enclosed, minmay_tromino_v4_a
D:2:      kennysheep_big_flooded_room, layout_rooms, kennysheep_generic_room_13
D:3:      layout_loops_corners, zin_statuary, mainiacjoe_overflow_boulevard,
          mainiacjoe_overflow_six_doors_small, guppyfry_early_lair_pool,
          uniq_jessica
D:4:      layout_rooms, uniq_duvessa

Notes
Turn   | Place    | Note
-------+----------+-------------------------------------------
     0 | D:1      | kingofthe the Deep Elf Conjurer began the quest for the
                  | Orb.
     0 | D:1      | Reached XP level 1. HP: 10/10 MP: 6/6
   236 | D:1      | Reached XP level 2. HP: 15/15 MP: 4/8
   239 | D:1      | Learned a level 2 spell: Searing Ray
   381 | D:1      | Reached skill level 3 in Dodging
   708 | D:1      | Reached XP level 3. HP: 14/19 MP: 5/10
  1397 | D:2      | Reached skill level 4 in Spellcasting
  1453 | D:2      | Identified the +1 ring mail "Vuekuas" {Will+ Str+3}
  1642 | D:2      | Learned a level 1 spell: Foxfire
  1669 | D:2      | Reached skill level 3 in Stealth
  1786 | D:3      | Noticed Jessica
  1808 | D:3      | Reached XP level 4. HP: 24/24 MP: 7/12
  2018 | D:3      | Found a shimmering blue altar of Sif Muna.
  2037 | D:3      | Became a worshipper of Sif Muna the Loreminder
  2057 | D:3      | Reached skill level 5 in Conjurations
  2068 | D:3      | Found a glowing silver altar of Zin.
  2268 | D:3      | Learned a level 4 spell: Fulminant Prism
  2271 | D:3      | Identified the +3 scale mail of the Viny Hot Ocelot {rElec
                  | rPois Stlth+}
  2282 | D:3      | Found a bloodstained altar of Trog.
  2947 | D:3      | Killed Jessica
  2948 | D:3      | Reached skill level 1 in Hexes
  3046 | D:4      | Slain by an iguana

Vanquished Creatures
  Jessica (D:3)
  An adder (D:2)
  2 worms (D:2)
  3 dart slugs
  4 orcs (D:3)
  8 endoplasms
  A giant cockroach (D:1)
  7 goblins
  2 hobgoblins
  4 jackals (D:3)
  3 quokkas
  7 ball pythons
  3 bats
  4 frilled lizards (D:1)
  8 kobolds
  2 rats
60 creatures vanquished.

Vanquished Creatures (others)
  19 foxfires
19 creatures vanquished.

Grand Total: 79 creatures vanquished

Table legend: (Time is in decaauts)
 A = Elapsed time spent in this place.
 B = Non-inter-level travel time spent in this place.
 C = Inter-level travel time spent in this place.
 D = Time resting spent in this place.
 E = Time spent auto-exploring this place.
 F = Levels seen in this place.
 G = Mean time per level.
                   A        B        C        D        E       F      G
               +--------+--------+--------+--------+--------+-----+--------+
         Total |   3046 |   2968 |     78 |      0 |   2628 |   4 |  761.5 |
       Dungeon |   3046 |   2968 |     78 |      0 |   2628 |   4 |  761.5 |
               +--------+--------+--------+--------+--------+-----+--------+

Top non-repeatable levels by time:
     D:3: 1240 daAuts
     D:1: 1101 daAuts
     D:2: 652 daAuts
     D:4: 51 daAuts

Table legend:
 A = Non-vault XP
 B = Vault XP
 C = Vault XP percentage of total XP
 D = Non-vault monster count
 E = Vault monster count
 F = Vault count percentage of total count
                 A         B        C        D         E       F
            +---------+---------+-------+---------+---------+-------
      Total |     116 |      50 |  30.1 |      52 |       8 |  13.3
            +---------+---------+-------+---------+---------+-------
        D:1 |      44 |       6 |  12.0 |      26 |       4 |  13.3
        D:2 |      34 |       7 |  17.1 |      10 |       3 |  23.1
        D:3 |      36 |      37 |  50.7 |      15 |       1 |   6.2
        D:4 |       2 |       0 |   0.0 |       1 |       0 |   0.0
            +---------+---------+-------+---------+---------+-------
